 Dungeon Crawl Stone Soup version 0.17.1-3-g152610e (webtiles) character file.

179 Stendarr the Magician (level 5, -4/45 HPs)
             Began as a Troll Fire Elementalist on Apr 18, 2016.
             Slain by Menkaure (11 damage)
             ... on level 3 of the Dungeon.
             The game lasted 00:05:34 (2723 turns).

Stendarr the Magician (Troll Fire Elementalist)     Turns: 2723, Time: 00:05:35

Health: -4/45      AC:  5    Str: 16    XL:     5   Next: 32%
Magic:  8/8        EV:  9    Int: 12    God:
Gold:   183        SH:  0    Dex: 10    Spells: 3 memorised, 4 levels left

rFire  . . .     SeeInvis .     j - +2 dagger (drain)
rCold  . . .     Clarity  .     a - +0 robe
rNeg   . . .     SustAt   .     (no shield)
rPois  .         Gourm    +     (helmet restricted)
rElec  .         Spirit   .     (no cloak)
rCorr  .         Warding  .     (gloves unavailable)
rMut   .         Stasis   .     (boots unavailable)
MR     .....                    (no amulet)
Stlth  +.........               (no ring)
                                (no ring)

@: not resistant to hostile enchantments, very unstealthy
A: unfitting armour, claws 3, fast metabolism 3, gourmand, regeneration 2,
shaggy fur 1, tough skin 2
a: no special abilities


You were on level 3 of the Dungeon.
You were full.

You visited 1 branch of the dungeon, and saw 4 of its levels.

You collected 183 gold pieces.

Inventory:

Hand Weapons
 j - a +2 dagger of draining (weapon)
Missiles
 k - 40 poisoned needles
Armour
 a - a +0 robe (worn)
Scrolls
 e - 2 scrolls of fear {unknown}
 f - 5 scrolls of identify {unknown}
 m - 3 scrolls of enchant armour {unknown}
 o - a scroll of noise {unknown}
 p - 3 scrolls of recharging {unknown}
 r - 4 scrolls of teleportation {unknown}
 s - 2 scrolls of remove curse
 v - a scroll of enchant weapon {unknown}
 x - a scroll of magic mapping {unknown}
 y - a scroll of random uselessness {unknown}
Potions
 g - 2 potions of haste {unknown}
 h - a potion of magic {unknown}
 i - 3 potions of heal wounds
 n - a potion of curing {unknown}
 q - 2 potions of might {unknown}
 t - a potion of beneficial mutation {unknown}
Books
 b - a book of Flames

   Spells                             Type                      Level
   a - Flame Tongue                   Conjuration/Fire             1
   b - Throw Flame                    Conjuration/Fire             2
   c - Conjure Flame                  Conjuration/Fire             3
   d - Inner Flame                    Hexes/Fire                   3
   e - Sticky Flame                   Conjuration/Fire             4
   f - Fireball                       Conjuration/Fire             5
Comestibles
 c - 5 bread rations
 d - 3 meat rations
 l - 2 royal jellies
 u - a beef jerky
 w - a slice of pizza


   Skills:
 - Level 1.5 Dodging
 - Level 1.1 Stealth
 * Level 3.0 Spellcasting
 + Level 2.1 Conjurations
 - Level 2.1 Fire Magic


You had 4 spell levels left.
You knew the following spells:

 Your Spells              Type           Power        Failure   Level  Hunger
a - Flame Tongue          Conj/Fire      #....        12%         1    #......
b - Throw Flame           Conj/Fire      #.....       17%         2    ###....
c - Conjure Flame         Conj/Fire      #.......     34%         3    ###....


Dungeon Overview and Level Annotations

Branches:
Dungeon (4/15)
 Temple: D:4-7

Altars:
Cheibriados
Elyvilon
Makhleb
Xom

Annotations:
D:3 Menkaure


Innate Abilities, Weirdness & Mutations

You are too large for most types of armour.
You have claws for hands.
Your metabolism is lightning-fast.
You like to eat raw meat.
You heal very quickly.
You are covered in fur (AC +1).
You have very tough skin (AC +2).


Message History

You hit the orc priest.
The orc priest is moderately wounded.
The orc priest hits you. Menkaure hits you! The orc priest hits you.
You climb upwards.
There is a stone staircase leading down here.
Unknown command.
Unknown command.
Unknown command.
You hit the orc priest. You drain the orc priest!
The orc priest is severely wounded.
Menkaure hits you!
* * * LOW HITPOINT WARNING * * *
The orc priest hits you.
* * * LOW HITPOINT WARNING * * *
You hit the orc priest.
You kill the orc priest!
Your Spellcasting skill increases to level 3!
Menkaure hits you!
You die...

#.# ## #.# #.# #.# ######.#
#......##8...8 ####.....###....[
### ###M.......# _...^.
..#############)@.##....[#
#.....
..#....<......^†####.....# 8...8
....############# #.....## ##8##
.....# ###.##.# ##### .....#
##.....# #..# .....#####
####....### #.##
.........########.....#######.#
..######............##........##
..# ####........###..........#


You could see Menkaure.

Vanquished Creatures
  An orc priest (D:3)
  Natasha (thrice) (D:2)
  5 adders
  3 oozes
  3 worms
  4 orcs (D:3)
  2 giant cockroaches (D:2)
  3 goblins (D:1)
  4 hobgoblins (D:1)
  2 jackals (D:2)
  2 bats
  5 giant newts
  9 kobolds
  9 rats
55 creatures vanquished.

Notes
Turn   | Place    | Note
--------------------------------------------------------------
     0 | D:1      | Stendarr the Troll Fire Elementalist began the quest for the Orb.
     0 | D:1      | Reached XP level 1. HP: 16/16 MP: 1/1
   149 | D:1      | Reached skill level 1 in Conjurations
   151 | D:1      | Reached XP level 2. HP: 24/24 MP: 3/3
   763 | D:1      | Reached XP level 3. HP: 29/31 MP: 4/4
  1163 | D:2      | Found a burning altar of Makhleb.
  1255 | D:2      | Found a shimmering altar of Xom.
  1273 | D:2      | Noticed Natasha
  1290 | D:2      | Killed Natasha
  1290 | D:2      | Reached XP level 4. HP: 18/39 MP: 3/6
  1313 | D:2      | Noticed Natasha
  1329 | D:2      | Killed Natasha
  1978 | D:2      | Noticed Natasha
  1982 | D:2      | Killed Natasha
  1989 | D:2      | Learned a level 2 spell: Throw Flame
  1993 | D:2      | Learned a level 3 spell: Conjure Flame
  2049 | D:3      | Found a snail-covered altar of Cheibriados.
  2051 | D:3      | Found a white marble altar of Elyvilon.
  2366 | D:3      | Reached XP level 5. HP: 42/45 MP: 4/8
  2578 | D:4      | Noticed Menkaure
  2723 | D:3      | Reached skill level 3 in Spellcasting
  2723 | D:3      | Slain by Menkaure

Action                   |  1- 3 |  4- 6 || total
-------------------------+-------+-------++-------
Melee: Unarmed           |    30 |       ||    30
       Dagger            |    74 |    55 ||   129
 Cast: Flame Tongue      |     2 |    28 ||    30
  Use: Scroll            |     1 |       ||     1
       Potion            |       |     1 ||     1
 Stab: Sleeping          |     1 |     1 ||     2
  Eat: Chunk             |    15 |    12 ||    27
